 Dungeon Crawl Stone Soup version 0.20.0-10-g0535bb4 (webtiles) character file.

124 Gorglomux the Ruffian (level 4, -5/44 HPs)
             Began as a Troll Venom Mage on June 3, 2017.
             Killed from afar by an orc wizard (7 damage)
             ... with a magic dart
             ... on level 3 of the Dungeon.
             The game lasted 00:02:44 (1464 turns).

Gorglomux the Ruffian (Troll Venom Mage)            Turns: 1464, Time: 00:02:45

Health: -5/44      AC:  5    Str: 15 (16) XL:     4   Next: 81%
Magic:  4/4        EV: 15    Int:  9 (11) God:
Gold:   93         SH:  0    Dex: 13 (16) Spells: 4/5 levels left

rFire    . . .     SeeInvis .     - Unarmed
rCold    . . .     Gourm    +   (no shield)
rNeg     . . .     Faith    .   a - +0 robe
rPois    .         Spirit   .   (helmet restricted)
rElec    .         Reflect  .   f - scarf {repulsion}
rCorr    .         Harm     .   (gloves unavailable)
MR       .....                  (boots unavailable)
Stlth    +++.......             (no amulet)
Regen    0.6/turn               (no ring)
MPRegen  0.1/turn               (no ring)

@: agile, repel missiles
A: unfitting armour, claws 3, fast metabolism 3, gourmand, regeneration 1,
shaggy fur 1, tough skin 2
a: no special abilities


You were on level 3 of the Dungeon.
You were completely stuffed.

You visited 1 branch of the dungeon, and saw 3 of its levels.

You collected 93 gold pieces.

Inventory:

Armour
 a - a +0 robe (worn)
 f - a scarf of repulsion (worn)
Scrolls
 d - 3 scrolls of enchant armour {unknown}
 e - 2 scrolls of identify {unknown}
 g - 3 scrolls of teleportation {unknown}
 h - a scroll of enchant weapon {unknown}
 i - a scroll of immolation {unknown}
 A - 3 scrolls of random uselessness {unknown}
 D - 2 scrolls of fog {unknown}
 H - 2 scrolls of remove curse {unknown}
Potions
 C - a potion of invisibility {unknown}
 F - a potion of curing {unknown}
 G - a potion of might {unknown}
Books
 b - a Young Poisoner's Handbook

   Spells                             Type                      Level
   a - Sting                          Conjuration/Poison           1
   b - Poisonous Vapours              Poison/Air                   2
   c - Mephitic Cloud                 Conjuration/Poison/Air       3
   d - Olgreb's Toxic Radiance        Poison                       4
   e - Venom Bolt                     Conjuration/Poison           5
Comestibles
 c - 3 bread rations
 l - a royal jelly
 z - a meat ration
 E - 8 chunks of flesh


   Skills:
 + Level 2.5 Fighting
 - Level 1.5 Dodging
 - Level 1.0 Stealth
 + Level 3.0 Unarmed Combat
 - Level 1.2 Spellcasting
 - Level 0.6 Conjurations
 - Level 2.1 Poison Magic


You had 4 spell levels left.
You knew the following spells:

 Your Spells              Type           Power        Failure   Level  Hunger
a - Sting                 Conj/Pois      #...         21%         1    ##.....


Dungeon Overview and Level Annotations

Branches:
Dungeon (3/15)

Altars:
Trog


Innate Abilities, Weirdness & Mutations

You are too large for most types of armour.
You have claws for hands.
Your metabolism is lightning-fast.
You like to eat raw meat.
Your natural rate of healing is unusually fast.
You are covered in fur. (AC +1)
You have very tough skin. (AC +2)


Message History

The orc wizard hits you with a dagger!
* * * LOW HITPOINT WARNING * * *
It was a potion of agility.
You feel agile all of a sudden. The orc wizard closely misses you.
The quokka bites you but does no damage.
The rat bites you but does no damage. The leopard gecko closely misses you.
The orc wizard closely misses you. The rat misses you.
The quokka barely misses you. The leopard gecko bites you.
* * * LOW HITPOINT WARNING * * *
It was a potion of degeneration.
There was something very wrong with that liquid.
You feel weakened.
You feel dopey.
You feel clumsy.
You feel yourself speed up. The orc wizard hits you with a dagger.
* * * LOW HITPOINT WARNING * * *
The quokka closely misses you. The leopard gecko barely misses you.
The orc wizard casts a spell at you. The magic dart hits you!
You die...

#........###### #........#
#........# #........#
#........# #........#
#...o....# #.olrr...#
#...@....# ###########o#<#.#
#...........###.############
#...........+........(.....#
#...........####...........#
#...........# #............
#...........# #............
#...........####............
#...........................


You could see an orc wizard, 2 orcs, a leopard gecko, a quokka and a rat.

Vanquished Creatures
  An orc wizard (D:3)
  5 adders
  A dart slug (D:2)
  3 leopard geckos
  An orc (D:3)
  2 giant cockroaches
  9 goblins
  5 hobgoblins
  2 jackals (D:2)
  A quokka (D:2)
  4 bats
  4 frilled lizards
  3 kobolds
  7 rats
48 creatures vanquished.

Notes
Turn   | Place    | Note
-------+----------+-------------------------------------------
     0 | D:1      | Gorglomux the Troll Venom Mage began the quest for the Orb.
     0 | D:1      | Reached XP level 1. HP: 16/16 MP: 1/1
   337 | D:1      | Reached skill level 1 in Fighting
   337 | D:1      | Reached XP level 2. HP: 26/27 MP: 2/2
   391 | D:1      | Reached skill level 1 in Unarmed Combat
   673 | D:2      | Found a bloodstained altar of Trog.
   747 | D:2      | Reached XP level 3. HP: 30/33 MP: 3/3
   904 | D:2      | Reached skill level 2 in Unarmed Combat
  1180 | D:2      | Reached XP level 4. HP: 26/42 MP: 4/4
  1448 | D:3      | Reached skill level 3 in Unarmed Combat
  1464 | D:3      | HP: 2/44 [orc wizard/dagger (2)]
  1464 | D:3      | Killed from afar by an orc wizard

Skill      XL: |  1  2  3  4 |
---------------+-------------+-----
Fighting       | 1 2 |  2.5
Unarmed Combat | 1 2 3 |  3.0
Dodging        | |  1.5
Stealth        | |  1.0
Spellcasting   | |  1.2
Conjurations   | |  0.6
Poison Magic   | |  2.1

Action                   |  1- 3 |  4- 6 || total
-------------------------+-------+-------++-------
Melee: Unarmed           |   104 |    46 ||   150
       Punch             |       |     1 ||     1
  Use: Potion            |       |     2 ||     2
 Stab: Sleeping          |     2 |       ||     2
  Eat: Chunk             |    16 |     3 ||    19
Armor: Robe              |    46 |    36 ||    82
Dodge: Dodged            |    57 |    66 ||   123
